TOP OF THE 1ST |
Southern California Trojans batting - Pitching for Villanova Wildcats : LHP Noah Flint
|
Pitching: LHP Noah Flint
|
|
Batting: RHB Ben Byrd
|
0-0: Foul Ball, location: 2F 0-1: Ball 1-1: Swinging Strike 1-2: Ball 2-2: Strikes out looking
|
Batting: RHB Ben Martínez
|
0-0: Called Strike 0-1: Bunted foul 0-2: Foul Ball, location: 2F 0-2: Foul Ball, location: 2F 0-2: Ball 1-2: Foul Ball, location: 2F 1-2: Fly out, F9 (Flyball, 89S)
|
Batting: LHB Kel Smith
|
0-0: Ball 1-0: Ball 2-0: Called Strike 2-1: Ball 3-1: Fly out, F9 (Line Drive, 89M)
|
Top of the 1st over - 0 run(s), 0 hit(s), 0 error(s), 0 left on base; Southern California 0 - Villanova 0 |
BOTTOM OF THE 1ST |
Villanova Wildcats batting - Pitching for Southern California Trojans : RHP Mark Bailey
|
Pitching: RHP Mark Bailey
|
|
Batting: RHB Juan Romero
|
0-0: Ball 1-0: Foul Ball, location: 2F 1-1: Ball 2-1: Called Strike 2-2: Ground out U3 (Groundball, 34S)
|
Batting: RHB Paul Bell
|
0-0: Ball 1-0: Ball 2-0: Ball 3-0: Base on Balls
|
Batting: LHB William Donnelly
|
0-0: Ball 1-0: Foul Ball, location: 2F 1-1: Called Strike 1-2: Ball 2-2: Ball 3-2: Foul Ball, location: 2F 3-2: Foul Ball, location: 2F 3-2: Base on Balls Paul Bell to second
|
Batting: LHB Jonathan Belisle
|
0-0: Ball 1-0: Called Strike 1-1: Ball 2-1: Ball 3-1: Fly out, F4 (Popup, 4)
|
Batting: RHB Reynaldo Gómez
|
0-0: Ball 1-0: Called Strike 1-1: Foul Ball, location: 2F 1-2: Ball 2-2: Ball 3-2: Foul Ball, location: 2F 3-2: Foul Ball, location: 2F 3-2: Foul Ball, location: 2F 3-2: Base on Balls Paul Bell to third William Donnelly to second
|
Batting: LHB José Gómez
|
0-0: Ball 1-0: Foul Ball, location: 2F 1-1: Foul Ball, location: 2F 1-2: Strikes out swinging
|
Bottom of the 1st over - 0 run(s), 0 hit(s), 0 error(s), 3 left on base; Southern California 0 - Villanova 0 |
TOP OF THE 2ND |
Southern California Trojans batting - Pitching for Villanova Wildcats : LHP Noah Flint
|
Batting: RHB Mike Carter
|
0-0: Called Strike 0-1: Foul Ball, location: 2F 0-2: Ball 1-2: Ball 2-2: Foul Ball, location: 2F 2-2: Strikes out swinging
|
Batting: RHB Max MacKieson
|
0-0: Foul Ball, location: 2F 0-1: Ball 1-1: Ball 2-1: Fly out, F7 (Flyball, 7LSF)
|
Batting: SHB Will O'Clerkin
|
0-0: Ball 1-0: Ball 2-0: Ball 3-0: Base on Balls
|
Batting: RHB Fletcher López
|
0-0: Called Strike 0-1: Ball 1-1: Ball 2-1: Ball 3-1: Fielders Choice at 2nd, 6-4 (Groundball, 6)
|
Top of the 2nd over - 0 run(s), 0 hit(s), 0 error(s), 0 left on base; Southern California 0 - Villanova 0 |
BOTTOM OF THE 2ND |
Villanova Wildcats batting - Pitching for Southern California Trojans : RHP Mark Bailey
|
Batting: RHB Howard Lynch
|
0-0: Ball 1-0: Ball 2-0: Called Strike 2-1: Ball 3-1: Base on Balls
|
Batting: SHB Will Combs
|
0-0: Ball 1-0: Ball 2-0: Called Strike 2-1: Foul Ball, location: 2F 2-2: Ball 3-2: Strikes out swinging
|
Batting: RHB Martín Flores
|
0-0: Ball 1-0: Called Strike 1-1: Foul Ball, location: 2F 1-2: Fly out, F8 (Flyball, 8LXD)
|
Batting: RHB Juan Romero
|
0-0: Called Strike 0-1: Foul Ball, location: 2F 0-2: Strikes out swinging
|
Bottom of the 2nd over - 0 run(s), 0 hit(s), 0 error(s), 1 left on base; Southern California 0 - Villanova 0 |
TOP OF THE 3RD |
Southern California Trojans batting - Pitching for Villanova Wildcats : LHP Noah Flint
|
Batting: LHB Gene Riddle
|
0-0: Ball 1-0: SINGLE (Flyball, 89S)
|
Batting: RHB John Fergusson
|
0-0: Ball 1-0: Ball 2-0: Called Strike 2-1: Foul Ball, location: 2F 2-2: Foul Ball, location: 2F 2-2: Foul Ball, location: 2F 2-2: Ball 3-2: Strikes out swinging
|
Batting: RHB Ben Byrd
|
0-0: Ball 1-0: Foul Ball, location: 2F 1-1: Foul Ball, location: 2F 1-2: Ball 2-2: Reached on error, E5 (Line Drive, 5) Gene Riddle to second
|
Batting: RHB Ben Martínez
|
0-0: Swinging Strike 0-1: Foul Ball, location: 2F 0-2: Ball 1-2: SINGLE (Line Drive, 89S) Gene Riddle to third Ben Byrd to second
|
Batting: LHB Kel Smith
|
0-0: Ball 1-0: Grounds into double play, 4-6-3 (Groundball, 4M)
|
Top of the 3rd over - 0 run(s), 2 hit(s), 1 error(s), 2 left on base; Southern California 0 - Villanova 0 |
BOTTOM OF THE 3RD |
Villanova Wildcats batting - Pitching for Southern California Trojans : RHP Mark Bailey
|
Batting: RHB Paul Bell
|
0-0: SINGLE (Groundball, 6D)
|
Batting: LHB William Donnelly
|
0-0: Ball 1-0: Called Strike 1-1: Swinging Strike 1-2: Strikes out looking
|
Batting: LHB Jonathan Belisle
|
0-0: SINGLE (Flyball, 7LS) Paul Bell to second
|
Batting: RHB Reynaldo Gómez
|
0-0: Ball 1-0: SINGLE (Line Drive, 8RS) Paul Bell to third Jonathan Belisle to second Runner from 3rd tries for Home, SAFE, throw made home Jonathan Belisle to third Reynaldo Gómez to second
|
Batting: LHB José Gómez
|
0-0: Swinging Strike 0-1: Ball 1-1: Ball 2-1: Foul Ball, location: 2F 2-2: Foul Ball, location: 2F 2-2: Ball 3-2: Base on Balls
|
Batting: RHB Howard Lynch
|
0-0: Foul Ball, location: 2F 0-1: Grounds into double play, 6-4-3 (Groundball, 6)
|
Bottom of the 3rd over - 1 run(s), 3 hit(s), 0 error(s), 2 left on base; Southern California 0 - Villanova 1 |
TOP OF THE 4TH |
Southern California Trojans batting - Pitching for Villanova Wildcats : LHP Noah Flint
|
Batting: RHB Mike Carter
|
0-0: Fly out, F9 (Flyball, 9S)
|
Batting: RHB Max MacKieson
|
0-0: Ground out 5-3 (Groundball, 5S)
|
Batting: SHB Will O'Clerkin
|
0-0: Ball 1-0: Ball 2-0: Ball 3-0: Base on Balls
|
Batting: RHB Fletcher López
|
0-0: Ball 1-0: Called Strike 1-1: Ball 2-1: Ball 3-1: Foul Ball, location: 2F 3-2: Strikes out swinging
|
Top of the 4th over - 0 run(s), 0 hit(s), 0 error(s), 1 left on base; Southern California 0 - Villanova 1 |
BOTTOM OF THE 4TH |
Villanova Wildcats batting - Pitching for Southern California Trojans : RHP Mark Bailey
|
Batting: SHB Will Combs
|
0-0: Ball 1-0: Foul Ball, location: 2F 1-1: Foul Ball, location: 2F 1-2: Foul Ball, location: 2F 1-2: Strikes out looking
|
Batting: RHB Martín Flores
|
0-0: Called Strike 0-1: Foul Ball, location: 2F 0-2: Ball 1-2: Strikes out swinging
|
Batting: RHB Juan Romero
|
0-0: Ball 1-0: Called Strike 1-1: Foul Ball, location: 2F 1-2: Ball 2-2: Ball 3-2: Base on Balls
|
Pitching: RHP Walt Dempsey
|
|
Batting: RHB Paul Bell
|
0-0: Ball 1-0: Ball 2-0: Ball 3-0: Called Strike 3-1: SINGLE (Line Drive, 4) Juan Romero to second Runner from 2nd tries for 3rd, SAFE, no throw
|
Batting: LHB William Donnelly
|
0-0: Called Strike 0-1: Called Strike 0-2: Strikes out swinging
|
Bottom of the 4th over - 0 run(s), 1 hit(s), 0 error(s), 2 left on base; Southern California 0 - Villanova 1 |
TOP OF THE 5TH |
Southern California Trojans batting - Pitching for Villanova Wildcats : LHP Noah Flint
|
Batting: LHB Gene Riddle
|
0-0: Fly out, F7 (Flyball, 7S)
|
Batting: RHB John Fergusson
|
0-0: Ball 1-0: Called Strike 1-1: Swinging Strike 1-2: Strikes out swinging
|
Batting: RHB Ben Byrd
|
0-0: Called Strike 0-1: Ball 1-1: Ball 2-1: Ball 3-1: Fly out, F7 (Flyball, 7S)
|
Top of the 5th over - 0 run(s), 0 hit(s), 0 error(s), 0 left on base; Southern California 0 - Villanova 1 |
BOTTOM OF THE 5TH |
Villanova Wildcats batting - Pitching for Southern California Trojans : RHP Walt Dempsey
|
Batting: LHB Jonathan Belisle
|
0-0: Ball 1-0: Fly out, F9 (Line Drive, 9)
|
Batting: RHB Reynaldo Gómez
|
0-0: Ball 1-0: Foul Ball, location: 2F 1-1: Foul Ball, location: 2F 1-2: Ball 2-2: Foul Ball, location: 2F 2-2: Foul Ball, location: 2F 2-2: Foul Ball, location: 2F 2-2: Fly out, F8 (Flyball, 8LM)
|
Batting: LHB José Gómez
|
0-0: Foul Ball, location: 2F 0-1: Ball 1-1: Ball 2-1: Foul Ball, location: 2F 2-2: Strikes out looking
|
Bottom of the 5th over - 0 run(s), 0 hit(s), 0 error(s), 0 left on base; Southern California 0 - Villanova 1 |
TOP OF THE 6TH |
Southern California Trojans batting - Pitching for Villanova Wildcats : LHP Noah Flint
|
Batting: RHB Ben Martínez
|
0-0: Ball 1-0: Ball 2-0: Called Strike 2-1: Swinging Strike 2-2: Strikes out looking
|
Pitching: RHP Steve Gore
|
|
Batting: LHB Kel Smith
|
0-0: Foul Ball, location: 2F 0-1: Ball 1-1: Ball 2-1: Foul Ball, location: 2F 2-2: Ball 3-2: Single, Error in OF, E7, batter to second base
|
Batting: RHB Mike Carter
|
0-0: Ball 1-0: SINGLE (Line Drive, 9LS) Kel Smith to third
|
Batting: RHB Max MacKieson
|
0-0: Ball 1-0: Grounds into double play, 1-6-3 (Groundball, P)
|
Top of the 6th over - 0 run(s), 2 hit(s), 1 error(s), 1 left on base; Southern California 0 - Villanova 1 |
BOTTOM OF THE 6TH |
Villanova Wildcats batting - Pitching for Southern California Trojans : RHP Walt Dempsey
|
Batting: RHB Howard Lynch
|
0-0: SINGLE (Flyball, 78S)
|
Batting: SHB Will Combs
|
0-0: Ball 1-0: Called Strike 1-1: Ball 2-1: Called Strike 2-2: Ball 3-2: Strikes out looking
|
Batting: RHB Martín Flores
|
0-0: Foul Ball, location: 2F 0-1: Foul Ball, location: 2F 0-2: Strikes out swinging
|
Batting: RHB Juan Romero
|
0-0: Ball 1-0: Swinging Strike 1-1: Swinging Strike 1-2: Ball 2-2: Ball 3-2: Base on Balls Howard Lynch to second
|
Batting: RHB Paul Bell
|
0-0: Called Strike 0-1: Ball 1-1: Foul Ball, location: 2F 1-2: 3-RUN HOME RUN (Line Drive, 7D), Distance : 360 ft
|
Pitching: RHP Brett Hammond
|
|
Batting: LHB William Donnelly
|
0-0: Called Strike 0-1: Foul Ball, location: 2F 0-2: Ball 1-2: Ball 2-2: Foul Ball, location: 2F 2-2: Ball 3-2: Base on Balls
|
Batting: LHB Jonathan Belisle
|
0-0: Fielders Choice at 2nd, 6-4 (Groundball, 6)
|
Bottom of the 6th over - 3 run(s), 2 hit(s), 0 error(s), 0 left on base; Southern California 0 - Villanova 4 |
TOP OF THE 7TH |
Southern California Trojans batting - Pitching for Villanova Wildcats : RHP Steve Gore
|
Batting: SHB Will O'Clerkin
|
0-0: Called Strike 0-1: Ball 1-1: Foul Ball, location: 2F 1-2: Ball 2-2: SINGLE (Line Drive, 6MD)
|
Batting: RHB Fletcher López
|
0-0: Ball 1-0: Grounds into double play, 6-4-3 (Groundball, 6)
|
Batting: LHB Gene Riddle
|
0-0: Fly out, F2 (Popup, 2R)
|
Top of the 7th over - 0 run(s), 1 hit(s), 0 error(s), 0 left on base; Southern California 0 - Villanova 4 |
BOTTOM OF THE 7TH |
Villanova Wildcats batting - Pitching for Southern California Trojans : RHP Brett Hammond
|
Batting: RHB Reynaldo Gómez
|
0-0: Swinging Strike 0-1: Swinging Strike 0-2: Strikes out looking
|
Batting: LHB José Gómez
|
0-0: Ball 1-0: Ball 2-0: Ball 3-0: Base on Balls
|
Batting: RHB Howard Lynch
|
0-0: Ball 1-0: Ball Wild Pitch! José Gómez to second 2-0: Ball 3-0: Base on Balls
|
Batting: SHB Will Combs
|
0-0: Ball 1-0: Called Strike 1-1: Ball 2-1: DOUBLE (Line Drive, 7LM) José Gómez scores Howard Lynch to third
|
Batting: RHB Martín Flores
|
0-0: Swinging Strike 0-1: Ball 1-1: Ball 2-1: Swinging Strike 2-2: Ball 3-2: Strikes out swinging
|
Batting: RHB Juan Romero
|
0-0: Ball 1-0: Reached on error, E1 (Line Drive, 13) Howard Lynch scores Will Combs to third
|
Batting: RHB Paul Bell
|
0-0: Called Strike 0-1: Swinging Strike 0-2: Foul Ball, location: 2F 0-2: SINGLE (Groundball, 34D) Will Combs scores Juan Romero to second Throwing error, E9 Juan Romero scores Paul Bell to second
|
Pitching: RHP Loren Jackson
|
|
Batting: LHB William Donnelly
|
0-0: Ball 1-0: Ball 2-0: Called Strike 2-1: Swinging Strike 2-2: Ball 3-2: 2-RUN HOME RUN (Flyball, 89XD), Distance : 391 ft
|
Batting: LHB Jonathan Belisle
|
0-0: Ball 1-0: Ball 2-0: Ball 3-0: Base on Balls
|
Batting: RHB Reynaldo Gómez
|
0-0: Ball 1-0: Ball 2-0: Called Strike 2-1: Foul Ball, location: 2F 2-2: Ball 3-2: Strikes out swinging
|
Bottom of the 7th over - 6 run(s), 3 hit(s), 2 error(s), 1 left on base; Southern California 0 - Villanova 10 |
TOP OF THE 8TH |
Southern California Trojans batting - Pitching for Villanova Wildcats : RHP Steve Gore
|
Batting: RHB John Fergusson
|
0-0: Ball 1-0: Ball 2-0: Foul Ball, location: 2F 2-1: Swinging Strike 2-2: Ball 3-2: Base on Balls
|
Batting: RHB Ben Byrd
|
0-0: Ball 1-0: Foul Ball, location: 2F 1-1: Grounds into double play, 6-4-3 (Groundball, 6)
|
Batting: RHB Ben Martínez
|
0-0: Reached via error on a dropped throw, E3
|
Batting: LHB Kel Smith
|
0-0: Ball 1-0: Ball 2-0: Foul Ball, location: 2F 2-1: Called Strike 2-2: 2-RUN HOME RUN (Flyball, 9D), Distance : 343 ft
|
Batting: RHB Mike Carter
|
0-0: Called Strike 0-1: Ball 1-1: Called Strike 1-2: DOUBLE (Flyball, 78M)
|
Batting: RHB Max MacKieson
|
0-0: Fly out, F8 (Flyball, 8LS)
|
Top of the 8th over - 2 run(s), 2 hit(s), 1 error(s), 1 left on base; Southern California 2 - Villanova 10 |
BOTTOM OF THE 8TH |
Villanova Wildcats batting - Pitching for Southern California Trojans : RHP Loren Jackson
|
Batting: LHB José Gómez
|
0-0: Ball 1-0: Ball 2-0: Ball 3-0: Base on Balls
|
Batting: RHB Howard Lynch
|
0-0: Called Strike 0-1: Ball 1-1: Foul Ball, location: 2F 1-2: Ball 2-2: Strikes out looking
|
Batting: SHB Will Combs
|
0-0: Fielders Choice at 2nd, 3-6 (Groundball, 34)
|
Batting: RHB Martín Flores
|
0-0: Ball 1-0: Ball 2-0: Called Strike 2-1: Foul Ball, location: 2F 2-2: Ball 3-2: Foul Ball, location: 2F 3-2: Base on Balls Will Combs to second
|
Batting: RHB Juan Romero
|
0-0: Called Strike 0-1: Foul Ball, location: 2F 0-2: Strikes out swinging
|
Bottom of the 8th over - 0 run(s), 0 hit(s), 0 error(s), 2 left on base; Southern California 2 - Villanova 10 |
TOP OF THE 9TH |
Southern California Trojans batting - Pitching for Villanova Wildcats : RHP Steve Gore
|
Batting: SHB Will O'Clerkin
|
0-0: Foul Ball, location: 2F 0-1: Foul Ball, location: 2F 0-2: Strikes out swinging
|
Batting: RHB Fletcher López
|
0-0: Ball 1-0: Called Strike 1-1: Ball 2-1: Ball 3-1: Base on Balls
|
Pitching: RHP Dave Spensley
|
|
Batting: LHB Gene Riddle
|
0-0: Ball 1-0: Ball 2-0: Ball 3-0: Called Strike 3-1: Base on Balls Fletcher López to second
|
Batting: RHB John Fergusson
|
0-0: Called Strike 0-1: Ball 1-1: Foul Ball, location: 2F 1-2: Fly out, F6 (Popup, 6MD)
|
Batting: RHB Ben Byrd
|
0-0: Swinging Strike 0-1: Foul Ball, location: 2F 0-2: Ball 1-2: Fielders Choice at 2nd, 4-6 (Groundball, 4)
|
Top of the 9th over - 0 run(s), 0 hit(s), 0 error(s), 1 left on base; Southern California 2 - Villanova 10 |
|